 Dungeon Crawl Stone Soup version 0.30-a0-743-gbfdf073431 (webtiles) character file.

Game seed: 14689456406843967486

191 Newt the Shooter (level 6, -3/36 (40) HPs)
             Began as a Kobold Hunter on Feb 7, 2023.
             Slain by a necrophage (6 damage)
             ... on level 3 of the Dungeon.
             The game lasted 00:03:19 (3048 turns).

Newt the Shooter (Kobold Hunter)                    Turns: 3048, Time: 00:03:19

HP:   -3/36 (40)    AC:  4    Str:  9    XL:     6   Next: 2%
MP:   6/6           EV: 14    Int: 10    God:
Gold: 151           SH:  0    Dex: 20    Spells: 5/5 levels left

rFire   . . .      SeeInvis .    k - +1 sling (freeze)
rCold   + . .      Faith    .    (no shield)
rNeg    . . .      Spirit   .    c - +0 leather armour
rPois   .          Reflect  .    (no helmet)
rElec   .          Harm     .    g - +0 cloak
rCorr   .          Rampage  .    (no gloves)
Will    +....                    (no boots)
Stlth   +++                      (no amulet)
HPRegen 0.26/turn                d - ring of protection from cold
MPRegen 0.10/turn                n - ring of willpower

@: heavily drained
A: small, no large weapons, nightstalker 3
a: no special abilities


You were on level 3 of the Dungeon.
You visited 1 branch of the dungeon, and saw 4 of its levels.

You collected 151 gold pieces.

Inventory:

Hand Weapons
 a - a +0 shortbow
 k - a +1 sling of freezing (weapon)
Armour
 c - a +0 leather armour (worn)
 g - a +0 cloak (worn)
Jewellery
 d - a ring of protection from cold (left hand)
 n - a ring of willpower (right hand)
Scrolls
 b - 2 scrolls of immolation
 f - a scroll of amnesia
 j - a scroll of teleportation
 l - a scroll of fear
 p - a scroll of identify
Potions
 e - a potion of brilliance
 h - a potion of flight
 i - a potion of curing {unknown}
 m - a potion of cancellation {unknown}
 o - a potion of degeneration {unknown}
 q - a potion of ambrosia {unknown}


   Skills:
 - Level 5.0 Fighting
 + Level 7.1 Ranged Weapons
 - Level 2.4 Dodging
 - Level 1.3 Stealth


You had 5 spell levels left.
You didn't know any spells.
Your spell library contained the following spells:

 Spells                   Type           Power      Damage    Failure   Level
 Hailstorm                Conj/Ice       0%         3d3       85%         3
 Ignite Poison            Fire/Tmut/Pois 0%         N/A       85%         3
 Kindle Blastsparks       Fire/Tloc/Air  0%         2d10      85%         3
 Ice Form                 Ice/Tmut       0%         N/A       99%         4
 Freezing Cloud           Conj/Ice/Air   0%         6-21      100%        5
 Iskenderun's Battlesphe  Conj           0%         2d6       100%        5
 Iron Shot                Conj/Erth      0%         9d1       100%        6
 Simulacrum               Ice/Necr       0%         N/A       100%        6
 Malign Gateway           Summ/Tloc      0%         N/A       100%        7
 Spellforged Servitor     Conj/Summ      0%         N/A       100%        7
 Summon Horrible Things   Summ           0%         N/A       100%        8


Dungeon Overview and Level Annotations

Branches:
Dungeon (4/15)
 Temple: D:4-7

Altars:

Portals:
Abyss: D:3

Annotations:
D:3 2 transporters, superbruh's ghost, weakling HOFi


Innate Abilities, Weirdness & Mutations

You are small and have problems with some larger weapons.
You are completely attuned to the shadows.


Message History

You feel drained.
* * * LOW HITPOINT WARNING * * *
The necrophage closely misses you.
There is a stone staircase leading up here.
The necrophage barely misses you.
You climb upwards.
Level annotation: 2 transporters, superbruh's ghost, weakling HOFi
There is a stone staircase leading down here.
You are too injured to fight recklessly!
You shoot a sling bullet. The sling bullet hits the necrophage.
The necrophage is lightly damaged.
The necrophage hits you.
* * * LOW HITPOINT WARNING * * *
Okay, then.
Okay, then.
Fire: k) +1 sling (freeze)
Press: ? - help, Q - select action Shift-Dir - straight line, f/p - necrophage
Aim: a necrophage (lightly damaged, 66% to hit)
You shoot a sling bullet. The sling bullet hits the necrophage!
The necrophage is heavily damaged.
The necrophage hits you.
* * * LOW HITPOINT WARNING * * *
Okay, then.
You can't see any enemies this would affect, really read the scroll of fear?
Okay, then.
Fire: k) +1 sling (freeze)
Press: ? - help, Q - select action Shift-Dir - straight line, f/p - necrophage
Aim: a necrophage (heavily damaged, 66% to hit)
You shoot a sling bullet. The sling bullet hits the necrophage.
The necrophage is severely damaged.
The necrophage hits you.
* * * LOW HITPOINT WARNING * * *
You feel drained.
Fire: k) +1 sling (freeze)
Press: ? - help, Q - select action Shift-Dir - straight line, f/p - necrophage
Aim: a necrophage (severely damaged, 66% to hit)
You shoot a sling bullet.
The sling bullet barely misses the necrophage.
The necrophage hits you.
You die...

#.###...# #.#.. #.....#.#
#.#.. #.#.###.# #.#.. #.#.#
#.# #.#.. #.#.# #.# #.#..
#.#.# #.# #.#..
#.#.###.####.#..
############............#..
#.........@n[..###.........
#.############## #.........
#.# #.######.. #.# #.# #..
#.# #.# #.. #.# #.# #.. #.#
#.# #.. #.#
#########.######..
#.########.................


You could see a necrophage.

Vanquished Creatures
  An orc priest (D:3)
  6 adders
  3 gnolls (D:2)
  2 worms (D:2)
  3 dart slugs
  5 orcs (D:3)
  3 ball pythons
  7 endoplasms
  4 giant cockroaches
  6 goblins
  6 hobgoblins
  3 quokkas (D:2)
  6 bats
  2 kobolds
  4 rats
61 creatures vanquished.

Vanquished Creatures (others)
  12 plants
12 creatures vanquished.

Grand Total: 73 creatures vanquished

Notes
Turn   | Place    | Note
-------+----------+-------------------------------------------
     0 | D:1      | Newt the Kobold Hunter began the quest for the Orb.
     0 | D:1      | Reached XP level 1. HP: 12/12 MP: 1/1
   392 | D:1      | Reached XP level 2. HP: 18/18 MP: 2/2
   878 | D:2      | Reached XP level 3. HP: 23/23 MP: 3/3
  1354 | D:2      | Found a faded altar of an unknown god.
  1482 | D:2      | Reached XP level 4. HP: 30/30 MP: 4/4
  1877 | D:2      | Reached skill level 5 in Fighting
  2000 | D:2      | Reached XP level 5. HP: 35/35 MP: 5/5
  2267 | D:3      | Reached skill level 6 in Ranged Weapons
  2543 | D:3      | Found a transporter.
  2544 | D:3      | Found a one-way gate to the infinite horrors of the Abyss.
  2544 | D:3      | Noticed superbruh's ghost (weakling HOFi)
  2598 | D:3      | Found a transporter.
  2985 | D:4      | Reached skill level 7 in Ranged Weapons
  2985 | D:4      | Reached XP level 6. HP: 40/40 MP: 6/6
  3048 | D:3      | Slain by a necrophage

Illustrated notes

Levels and vault maps discovered:
D:1:      co_arrival_random_square_maze, layout_loops_ring
D:2:      layout_loops_corners, shapermc_ecumenical_altar_flowoftime
D:3:      layout_loops_ring, gammafunk_ghost_abyssal_escape
D:4:      layout_basic, serial_bayou, serial_bayou_ford_a, serial_bayou_pond_b,
          serial_bayou_pond_a, serial_bayou_pond_c,
          ebering_dispersal_statue_hall, feat_on_display

Skill      XL: |  1  2  3  4  5 |
---------------+----------------+-----
Fighting       | 3 4 5 |  5.0
Ranged Weapons | 7 |  7.1
Dodging        | |  2.4
Stealth        | |  1.3

Action                     |  1- 3 |  4- 6 || total
---------------------------+-------+-------++-------
   Fire: Shortbow          |    57 |    20 ||    77
         Sling             |       |   103 ||   103
    Use: Scroll            |     4 |     5 ||     9
 Armour: Leather armour    |     3 |    11 ||    14
  Dodge: Dodged            |    18 |    25 ||    43

Table legend: (Time is in decaauts)
 A = Elapsed time spent in this place.
 B = Non-inter-level travel time spent in this place.
 C = Inter-level travel time spent in this place.
 D = Time resting spent in this place.
 E = Time spent auto-exploring this place.
 F = Levels seen in this place.
 G = Mean time per level.
                   A        B        C        D        E       F      G
               +--------+--------+--------+--------+--------+-----+--------+
         Total |   3085 |   2961 |    124 |    159 |   2435 |   4 |  771.2 |
       Dungeon |   3085 |   2961 |    124 |    159 |   2435 |   4 |  771.2 |
               +--------+--------+--------+--------+--------+-----+--------+

Top non-repeatable levels by time:
     D:2: 1319 daAuts
     D:1: 868 daAuts
     D:3: 719 daAuts
     D:4: 178 daAuts
